 Dungeon Crawl Stone Soup version 0.31-a0-831-g143b1e81fc (webtiles) character file.

Game seed: 12667137807560525377

833 Dirtsage the Cleaver (level 7, 0/52 HPs)
             Began as a Demonspawn Fighter on Sept 24, 2023.
             Killed from afar by an orc wizard (4 damage)
             ... with a magic dart
             ... on level 4 of the Dungeon.
             The game lasted 00:05:35 (3527 turns).

Dirtsage the Cleaver (Demonspawn Fighter)           Turns: 3527, Time: 00:05:35

Health: 0/52       AC:  6    Str: 18    XL:     7   Next: 65%
Magic:  7/7        EV:  9    Int: 10    God:
Gold:   287        SH:  0    Dex: 12    Spells: 6/6 levels left

rFire   . . .        a - +0 war axe
rCold   . . .        c - +0 buckler
rNeg    . . .        b - +0 scale mail
rPois   .            (helmet restricted)
rElec   .            (no cloak)
rCorr   +            (no gloves)
SInv    .            (no boots)
Will    .....        (no amulet) Stlth
                     C - ring of resist corrosion
HPRegen 0.28/turn    (no ring)
MPRegen 0.20/turn

%: no passive effects
@: confused
A: antennae 1, magic regeneration
a: no special abilities


You were on level 4 of the Dungeon.
You visited 1 branch of the dungeon, and saw 5 of its levels.

You collected 287 gold pieces.

Inventory:

Hand Weapons
 a - a +0 war axe (weapon)
Armour
 b - a +0 scale mail (worn)
 c - a +0 buckler (worn)
 m - a +1 helmet
Jewellery
 C - a ring of resist corrosion (left hand)
Talismans
 t - a talisman of death
Wands
 x - a wand of roots (6)
Scrolls
 e - a scroll of immolation {unknown}
 i - a scroll of silence {unknown}
 l - a scroll of fog {unknown}
 n - a scroll of poison {unknown}
 p - a scroll of enchant weapon {unknown}
 r - 2 scrolls of identify {unknown}
 v - a scroll of teleportation {unknown}
 w - a scroll of torment {unknown}
Potions
 f - 2 potions of heal wounds {unknown}
 g - a potion of berserk rage {unknown}
 h - 4 potions of curing {unknown}
 j - 2 potions of attraction {unknown}
 k - a potion of enlightenment {unknown}
 o - a potion of lignification {unknown}
 q - a potion of resistance {unknown}
 s - a potion of magic {unknown}
 u - 4 potions of brilliance {unknown}


   Skills:
 - Level 3.0 Fighting
 + Level 8.1 Axes
 - Level 2.6 Armour
 - Level 2.6 Shields


You had 6 spell levels left.
You didn't know any spells.
Your spell library contained the following spells:

 Spells                   Type           Power      Damage    Failure   Level
 Sublimation of Blood     Necr           0%         N/A       93%         2
 Wereblood                Tmut           0%         N/A       93%         2
 Hailstorm                Conj/Ice       0%         3d3       99%         3
 Summon Ice Beast         Ice/Summ       0%         N/A       100%        4
 Conjure Ball Lightning   Conj/Air       0%         3x3d6     100%        6
 Simulacrum               Ice/Necr       0%         N/A       100%        6
 Summon Hydra             Summ           0%         N/A       100%        7
 Discord                  Hex            0%         N/A       100%        8
 Disjunction              Tloc           0%         N/A       100%        8


Dungeon Overview and Level Annotations

Branches:
Dungeon (5/15)
 Temple: D:4-7

Altars:
Ru

Shops:
D:2 [

Annotations:
D:2 1 runed translucent door, Crazy Yiuf


Innate Abilities, Weirdness & Mutations

You have a pair of small antennae on your head.
You regenerate magic rapidly.


Message History

You're too confused to move!
The orc wizard hits you but does no damage.
The orc wizard casts a spell at you. The magic dart hits you.
* * * LOW HITPOINT WARNING * * *
You take 6 damage, and have 12/52 hp.
The orc wizard hits you with a +0 dagger.
* * * LOW HITPOINT WARNING * * *
The orc wizard hits you but does no damage.
There is a stone staircase leading down here.
You feel less confused. You block the orc wizard's attack.
You hit the orc wizard.
The orc wizard is severely wounded.
The orc wizard hits you but does no damage.
You hit the orc wizard.
The orc wizard is severely wounded.
The orc wizard casts a spell.
The orc wizard flickers and vanishes!
Deactivating autopickup; reactivate with Ctrl-A.
You hit something but do no damage.
You hear some strange, mumbled words.
You are confused.
Something hits you.
* * * LOW HITPOINT WARNING * * *
You take 4 damage, and have 9/52 hp.
You're too confused to move!
Something hits you but does no damage.
You miss something.
You hear some strange, mumbled words.
Something tries to affect you, but you resist.
You completely miss something. Something hits you but does no damage.
You miss something. Something hits you but does no damage.
A magic dart appears from out of thin air!
The magic dart hits you!
* * * LOW HITPOINT WARNING * * *
You take 6 damage, and have 4/52 hp.
You bump into the rock wall.
A magic dart appears from out of thin air!
The magic dart hits you.
You die...

####........#..'...'..#.........
#.....##.##.#...#.##...[#....
##........####'####.....##...
##..........#.).#............
#...........##.##............
##.#....##)..#)#..##........#
####.###........###........# ###
#.....{#..###..)....>
######.@.>..............
##.......##....##........
#........###..###........
###.....#....))####......~
###.....#.#......)#####....≈
#..................#........
###...#..........#..........
##.####......####..#.#.... ###
##....####...#.###..


There were no monsters in sight!

Vanquished Creatures
  Grinder (D:4)
  Menkaure (D:4)
  An ice beast (D:5)
  2 scorpions
  2 iguanas
  Ijyb (D:4)
  An orc wizard (D:3)
  Robin (D:2)
  5 adders
  3 worms
  2 dart slugs
  12 orcs
  5 endoplasms
  3 giant cockroaches
  21 goblins
  11 hobgoblins
  14 jackals
  7 kobolds
  4 quokkas
  10 ball pythons
  8 bats
  3 frilled lizards
  6 rats
124 creatures vanquished.

Notes
Turn   | Place    | Note
-------+----------+-------------------------------------------
     0 | D:1      | Dirtsage the Demonspawn Fighter began the quest for the
                  | Orb.
     0 | D:1      | Reached XP level 1. HP: 18/18 MP: 1/1
    46 | D:1      | Reached skill level 2 in Axes
   153 | D:1      | Gained mutation: You regenerate magic rapidly. [demonic
                  | ancestry]
   153 | D:1      | Reached XP level 2. HP: 22/24 MP: 2/2
   639 | D:1      | Reached skill level 3 in Axes
   896 | D:2      | Noticed Robin
   900 | D:2      | Reached XP level 3. HP: 24/29 MP: 3/3
  1204 | D:2      | Reached XP level 4. HP: 35/35 MP: 4/4
  1238 | D:2      | Reached skill level 4 in Axes
  1257 | D:2      | Found Zywan's Armour Emporium.
  1313 | D:2      | Killed Robin
  1523 | D:2      | Found a runed translucent door.
  1524 | D:2      | Noticed Crazy Yiuf
  1853 | D:3      | Reached XP level 5. HP: 22/41 MP: 5/5
  2040 | D:3      | Reached skill level 5 in Axes
  2364 | D:4      | Noticed Grinder
  2366 | D:4      | Paralysed by Grinder for 5 turns
  2375 | D:4      | Paralysed by Grinder for 2 turns
  2380 | D:4      | Killed Grinder
  2381 | D:4      | Reached skill level 6 in Axes
  2381 | D:4      | Gained mutation: You have a pair of small antennae on your
                  | head. [demonic ancestry]
  2381 | D:4      | Reached XP level 6. HP: 18/47 MP: 6/6
  2403 | D:4      | HP: 2/47 [poisoned by an adder]
  2616 | D:4      | Noticed Ijyb
  2634 | D:4      | Killed Ijyb
  2780 | D:4      | Noticed Menkaure
  2786 | D:5      | Entered Level 5 of the Dungeon
  2839 | D:5      | Noticed an ice beast
  2853 | D:4      | Killed Menkaure
  2854 | D:4      | Reached skill level 7 in Axes
  2854 | D:4      | Reached XP level 7. HP: 38/52 MP: 7/7
  3087 | D:4      | Found a sacrificial altar of Ru.
  3376 | D:5      | Reached skill level 8 in Axes
  3527 | D:4      | Killed from afar by an orc wizard

Illustrated notes

Levels and vault maps discovered:
D:1:      lightli_arrival_isolated_outpost, layout_basic, hex_large
D:2:      layout_basic, serial_shops, shop, uniq_robin, uniq_crazy_yiuf_cottage
D:3:      layout_rooms, feat_on_display
D:4:      cheibrodos_greedy_goblins, layout_cave_pools,
          nicolae_ru_sacrificial_ziggurat, serial_column_ruins,
          column_ruins_circle_medium, column_ruins_grid_2, column_ruins_grid_1,
          column_ruins_open_tiny_water, column_ruins_columns_corner,
          uniq_grinder, uniq_menkaure, uniq_ijyb
D:5:      layout_loops_cross, makhleb_altar_promises_db, temple_pool_b,
          minmay_gold_behind_fungi, hangedman_decor_clover_reticule

Skill      XL: |  1  2  3  4  5  6  7 |
---------------+----------------------+-----
Axes           | 2 3 4 6 7 8 |  8.1
Fighting       | |  3.0
Armour         | |  2.6
Shields        | |  2.6

Action                     |  1- 3 |  4- 6 |  7- 9 || total
---------------------------+-------+-------+-------++-------
  Melee: War axe           |    98 |   179 |    39 ||   316
    Use: Potion            |       |     1 |     1 ||     2
 Armour: Scale mail        |    76 |   168 |    30 ||   274
  Dodge: Dodged            |    58 |    73 |    12 ||   143
  Block: Buckler           |    17 |    40 |     3 ||    60

Table legend: (Time is in decaauts)
 A = Elapsed time spent in this place.
 B = Non-inter-level travel time spent in this place.
 C = Inter-level travel time spent in this place.
 D = Time resting spent in this place.
 E = Time spent auto-exploring this place.
 F = Levels seen in this place.
 G = Mean time per level.
                   A        B        C        D        E       F      G
               +--------+--------+--------+--------+--------+-----+--------+
         Total |   3622 |   3412 |    210 |    231 |   2415 |   5 |  724.4 |
       Dungeon |   3622 |   3412 |    210 |    231 |   2415 |   5 |  724.4 |
               +--------+--------+--------+--------+--------+-----+--------+

Top non-repeatable levels by time:
     D:1: 1001 daAuts
     D:3: 875 daAuts
     D:4: 816 daAuts
     D:2: 719 daAuts
     D:5: 209 daAuts
